 Dungeon Crawl Stone Soup version 0.31-a0-1570-g93c622d222 (webtiles) character file.

Game seed: 14397376613338562704

102 javelincjr the Magician (level 5, -5/38 HPs)
             Began as a Djinni Hedge Wizard on Jan 3, 2024.
             Slain by Sigmund
             ... wielding a +0 scythe
              (7 damage)
             ... on level 3 of the Dungeon.
             The game lasted 00:07:26 (1956 turns).

javelincjr the Magician (Djinni Hedge Wizard)       Turns: 1956, Time: 00:07:26

Health: -5/38      AC:  3    Str:  9    XL:     5   Next: 6%
Gold:   59         EV: 12    Int: 18    God:
                   SH:  0    Dex: 12

rFire   + + .        e - staff of cold
rCold   . . .        (no shield)
rNeg    . . .        b - +0 robe
rPois   ∞            c - +0 hat
rElec   .            (no cloak)
rCorr   .            g - +0 pair of gloves
SInv    .            (boots unavailable)
Will    .....        (no amulet)
Stlth   ++           (no ring)
HPRegen 0.26/turn    (no ring)
MPRegen 0.00/turn

%: infuse magic (-6 HP)
@: on blink cooldown, flying
A: sickness immunity, fire resistance 2, cold vulnerability 1, float, innate
caster, HP casting, extra vitality 1
a: no special abilities


You were on level 3 of the Dungeon.
You visited 1 branch of the dungeon, and saw 3 of its levels.

You collected 59 gold pieces.

Inventory:

Hand Weapons
 a - a +0 dagger
Missiles
 n - 7 poisoned darts
Armour
 b - a +0 robe (worn)
 c - a +0 hat (worn)
 g - a +0 pair of gloves (worn)
Magical Staves
 e - a staff of cold (weapon)
Jewellery
 p - a ring of protection from cold
Wands
 s - a wand of roots (8)
Scrolls
 f - a scroll of acquirement {unknown}
 i - a scroll of vulnerability {unknown}
 j - a scroll of amnesia {unknown}
 k - 2 scrolls of noise {unknown}
 l - 2 scrolls of teleportation {unknown}
 m - 2 scrolls of identify {unknown}
 o - a scroll of summoning {unknown}
 q - 2 scrolls of silence {unknown}
 r - a scroll of brand weapon {unknown}
Potions
 d - a potion of might {unknown}
 h - a potion of lignification {unknown}
 t - 2 potions of heal wounds {unknown}


   Skills:
 * Level 2.3 Fighting
 + Level 3.1 Dodging
 - Level 1.8 Stealth
 * Level 3.6 Spellcasting
 * Level 3.6 Conjurations
 * Level 3.6 Hexes
   Level 0.0 Charms
 * Level 3.6 Summonings
 * Level 3.6 Necromancy
 * Level 3.6 Translocations
   Level 0.0 Transmutations
 * Level 3.6 Fire Magic
 * Level 3.6 Ice Magic
 * Level 3.6 Air Magic
 * Level 3.6 Earth Magic
 * Level 3.6 Alchemy


You knew the following spells:

 Your Spells              Type           Power      Damage    Failure   Level
a - Magic Dart            Conj           64%        1d6       3%          1
b - Slow                  Hex            64%        N/A       3%          1
c - Blink                 Tloc           32%        N/A       5%          2
d - Call Imp              Summ           32%        N/A       5%          2
e - Mephitic Cloud        Conj/Alch/Air  16%        N/A       11%         3
f - Sandblast             Erth           32%        2d9       3%          1
g - Lesser Beckoning      Tloc           32%        N/A       5%          2
Your spell library was empty.

Dungeon Overview and Level Annotations

Branches:
Dungeon (3/15)

Altars:

Annotations:
D:3 Sigmund


Innate Abilities, Weirdness & Mutations

You are immune to sickness and miasma.
You are immune to poison.
Your flesh is very heat resistant. (rF++)
You are vulnerable to cold. (rC-)
You float through the air rather than walking.
You learn spells naturally, not from books.
Your magical power is your life essence.
You have superior vitality. (+4 MHP)


Message History

Something hits you!
Terence barely misses your cerulean imp.
Your cerulean imp hits Terence but does no damage.
Terence closely misses your cerulean imp.
Your cerulean imp hits Terence with a -3 spear.
Something hits you.
Terence hits your cerulean imp with a +0 flail!
Your cerulean imp barely misses Terence.
You hear some strange, mumbled words.
Your cerulean imp easily resists.
Terence hits your cerulean imp with a +0 flail!
Your cerulean imp dies!
Your cerulean imp disappears in a puff of smoke!
Terence shouts!
Casting: Sandblast (safe; 3% risk of failure)
Confirm with . or Enter, or press ? or * to list all spells.
Aiming: Sandblast (safe; 3% risk of failure)
Press: ? - help, Shift-Dir - straight line, f/p - Terence
Aim: Terence, wielding a +0 flail and wearing a +0 ring mail (almost dead, 84% to hit)
The blast of sand hits Terence but does no damage.
Terence is almost dead.
Something hits you but does no damage. Terence hits you with a +0 flail!
Casting: Sandblast (safe; 3% risk of failure)
Confirm with . or Enter, or press ? or * to list all spells.
Aiming: Sandblast (safe; 3% risk of failure)
Press: ? - help, Shift-Dir - straight line, f/p - Terence
Aim: Terence, wielding a +0 flail and wearing a +0 ring mail (almost dead, 84% to hit)
The blast of sand hits Terence!
You kill Terence!
Something hits you!
* * * LOW HITPOINT WARNING * * *
You have reached level 5!
The power to cast Lesser Beckoning wells up from within.
Spell assigned to 'g'.
Casting: Sandblast (safe; 3% risk of failure)
Confirm with . or Enter, or press ? or * to list all spells.
You blink.
* * * LOW HITPOINT WARNING * * *
Something hits you!
You die...

##...###.# #.#.##.#
#.....##.# #......#
##...###.# ###.####
##.## #.# #.#
#.###.####.# #.#
#....§.....# #.#
#####)###### #.#
##.{.## #.# #...@.#
##.# #.......# ##..#
#.........####...##
+)........+.......#
#.........####...#####
##.......## #........#
##.....## #.##.###.#
##...## #.##.# #.# #+#
#.##.###.#


There were no monsters in sight!

Vanquished Creatures
  Terence (D:3)
  2 adders (D:3)
  A dart slug (D:1)
  2 bats
  2 endoplasms (D:1)
  2 giant cockroaches
  3 goblins
  A quokka (D:1)
  4 ball pythons
  3 frilled lizards
  2 kobolds (D:1)
  2 rats
25 creatures vanquished.

Vanquished Creatures (collateral kills)
  An adder (D:2)
  A dart slug (D:2)
  A ribbon worm (D:3)
  A ball python (D:2)
  2 endoplasms
  2 giant cockroaches (D:2)
  3 goblins
  4 hobgoblins
  2 kobolds (D:2)
  2 frilled lizards (D:2)
19 creatures vanquished.

Grand Total: 44 creatures vanquished

Notes
Turn   | Place    | Note
-------+----------+-------------------------------------------
     0 | D:1      | javelincjr the Djinni Hedge Wizard began the quest for the
                  | Orb.
     0 | D:1      | javelincjr set off with the following spells memorised:
                  | Magic Dart, Slow, Blink, Call Imp, Mephitic Cloud.
     0 | D:1      | Reached XP level 1. HP: 15/15 MP: 0/0
   141 | D:1      | Reached XP level 2. HP: 19/21 MP: 0/0
   183 | D:1      | Found a faded altar of an unknown god.
   658 | D:1      | Reached XP level 3. HP: 22/26 MP: 0/0
   658 | D:1      | Learned a level 1 spell: Sandblast
   793 | D:2      | Reached skill level 1 in Fighting
  1315 | D:2      | Reached XP level 4. HP: 27/32 MP: 0/0
  1945 | D:3      | Noticed Sigmund
  1945 | D:3      | Noticed Terence
  1955 | D:3      | Killed Terence
  1956 | D:3      | Reached XP level 5. HP: 4/38 MP: 0/0
  1956 | D:3      | Learned a level 2 spell: Lesser Beckoning
  1956 | D:3      | Slain by Sigmund

Illustrated notes

Levels and vault maps discovered:
D:1:      minmay_arrival_up_and_down, layout_loops_ring,
          chequers_ecumenical_altar_simple_redux
D:2:      layout_basic, minmay_worlds_worst_comb
D:3:      layout_loops_corners, minmay_pentomino_pile, uniq_jessica,
          uniq_sigmund, uniq_terence

Skill      XL: |  1  2  3  4 |
---------------+-------------+-----
Fighting       | 1 2 |  2.3
Dodging        | 3 |  3.1
Stealth        | |  1.8
Spellcasting   | |  3.6
Conjurations   | |  3.6
Hexes          | |  3.6
Summonings     | |  3.6
Necromancy     | |  3.6
Translocations | |  3.6
Fire Magic     | |  3.6
Ice Magic      | |  3.6
Air Magic      | |  3.6
Earth Magic    | |  3.6
Alchemy        | |  3.6

Action                     |  1- 3 |  4- 6 || total
---------------------------+-------+-------++-------
  Melee: Staff             |    43 |    20 ||    63
   Cast: Magic Dart        |    24 |     1 ||    25
         Call Imp          |    14 |     6 ||    20
         Sandblast         |       |     7 ||     7
         Blink             |       |     1 ||     1
   Stab: Sleeping          |     3 |     2 ||     5
 Armour: Robe              |    26 |    19 ||    45
  Dodge: Dodged            |    27 |    16 ||    43

Table legend: (Time is in decaauts)
 A = Elapsed time spent in this place.
 B = Non-inter-level travel time spent in this place.
 C = Inter-level travel time spent in this place.
 D = Time resting spent in this place.
 E = Time spent auto-exploring this place.
 F = Levels seen in this place.
 G = Mean time per level.
                   A        B        C        D        E       F      G
               +--------+--------+--------+--------+--------+-----+--------+
         Total |   1971 |   1888 |     83 |      0 |   1551 |   3 |  657.0 |
       Dungeon |   1971 |   1888 |     83 |      0 |   1551 |   3 |  657.0 |
               +--------+--------+--------+--------+--------+-----+--------+

Top non-repeatable levels by time:
     D:2: 886 daAuts
     D:1: 765 daAuts
     D:3: 319 daAuts
